[Event "Titled Tuesday Blitz January 17 Early 2023"]
[White "Becerra, Juan David"]
[Black "I_KID_you_not"]
[WhiteFideId "4404998"]
[WhiteElo "2382"]
[BlackElo "2332"]
[Result "1-0"]
[Round "11"]
[TimeControl "180+2"]
[Date "2023.01.17"]
[WhiteClock "0:00:13"]
[BlackClock "0:00:14"]

1. e4 e6 2. d4 d5 3. Nc3 Nf6 4. Bg5 h6 5. Bxf6 Qxf6 6. Nf3 Bb4 7. e5 Qd8 8. a3 Bxc3+ 9. bxc3 c5 10. Be2 Qa5 11. Qd2 Nc6 12. a4 Bd7 13. h4 Rc8 14. Rh3 cxd4 15. cxd4 Qxd2+ 16. Kxd2 Na5 17. Rg3 g6 18. Ne1 Ke7 19. Rc3 Rxc3 20. Kxc3 Rc8+ 21. Kb2 Nc4+ 22. Bxc4 Rxc4 23. c3 Rxa4 24. Rxa4 Bxa4 25. f4 a5 26. g3 Bd1 27. Nd3 b6 28. Ka3 Kd7 29. Nb2 Be2 30. Kb3 Kc6 31. Ka3 Kb5 32. Kb3 a4+ 33. Ka3 Ka5 34. Nxa4 Bb5 35. Nb2 Be2 36. Kb3 b5 37. Ka3 Ka6 38. Kb4 Kb6 39. Kb3 Ka5 40. Kc2 b4 41. Kd2 Ba6 42. cxb4+ Kxb4 43. Ke3 Bb5 44. Nd1 h5 45. Nf2 Kc3 46. Nh3 Be8 47. Ng5 Kc4 48. Nh7 Kc3 49. Nf6 Bc6 50. Ng8 Kc4 51. Ne7 Bb7 52. f5 exf5 53. e6 fxe6 54. Nxg6 Kc3 55. Nf4 Bc8 56. Nxh5 e5 57. dxe5 d4+ 58. Kf2 d3 59. Nf4 d2 60. Nd5+ Kb2 61. Ne3 Kc1 62. h5 Be6 63. h6 Bg8 64. e6 d1=B 65. Nxd1 Bf7 66. exf7 1-0


[Site "https://www.chess.com"]

[Event "Titled Tuesday Blitz January 17 Early 2023"]
[White "Gurevich, Dmitry"]
[Black "Sohier, Julien"]
[WhiteFideId "2000407"]
[BlackFideId "645346"]
[WhiteElo "2393"]
[BlackElo "2214"]
[Result "1-0"]
[Round "11"]
[TimeControl "180+2"]
[Date "2023.01.17"]
[WhiteClock "0:00:19"]
[BlackClock "0:00:02"]

1. d4 d5 2. c4 dxc4 3. e4 e5 4. Nf3 exd4 5. Qxd4 Qxd4 6. Nxd4 c6 7. Bxc4 Nf6 8. f3 Nbd7 9. Be3 Bb4+ 10. Kf2 O-O 11. Rd1 Ne5 12. Be2 Rd8 13. a3 Bf8 14. Nc3 Bd7 15. h3 c5 16. Nb3 c4 17. Nd4 Bc5 18. f4 Ng6 19. e5 Ne8 20. Bxc4 a6 21. Ne4 Ba7 22. e6 fxe6 23. Nxe6 Bxe3+ 24. Kxe3 Bxe6 25. Bxe6+ Kf8 26. Nc5 b6 27. Nd7+ Ke7 28. f5 Nf8 29. Nxb6 Rxd1 30. Rxd1 Rb8 31. Nd5+ Kd6 32. b4 Nxe6 33. Nf4+ Ke5 34. Rd5+ Kf6 35. fxe6 g5 36. Nh5+ Kxe6 37. Rxg5 Rc8 38. Nf4+ Kf6 39. Ra5 Rc3+ 40. Kd4 Rc6 41. Nd5+ Ke6 42. Rc5 Rd6 43. Kc4 Kf7 44. Nc7 Nf6 45. Nd5 Ne4 46. Rc7+ Ke6 47. Rxh7 1-0


[Site "https://www.chess.com"]

[Event "Titled Tuesday Blitz January 17 Early 2023"]
[White "Tokhirjonova, Gulrukhbegim"]
[Black "Bommini, Mounika Akshaya"]
[WhiteFideId "14203626"]
[BlackFideId "25019872"]
[WhiteElo "2340"]
[BlackElo "2118"]
[Result "1-0"]
[Round "11"]
[TimeControl "180+2"]
[Date "2023.01.17"]
[WhiteClock "0:01:35"]
[BlackClock "0:00:20"]

1. e4 Nc6 2. Nf3 d6 3. d4 Nf6 4. Nc3 Bg4 5. Be3 e5 6. d5 Ne7 7. Be2 Ng6 8. Qd2 Be7 9. h3 Bd7 10. g4 c5 11. Rg1 a6 12. a4 b5 13. axb5 axb5 14. Rxa8 Qxa8 15. Bxb5 Qa1+ 16. Ke2 Qxb2 17. Bxd7+ Nxd7 18. Rb1 Qa3 19. Nb5 Qa6 20. c4 O-O 21. Kf1 Nb6 22. Qc2 Rb8 23. Nd2 Qc8 24. Na7 Qd7 25. Nc6 Rb7 26. Qa2 h5 27. Qa6 hxg4 28. hxg4 Qxg4 29. Qxb7 Qh3+ 30. Ke2 Qg4+ 31. Kd3 1-0


[Site "https://www.chess.com"]

[Event "Titled Tuesday Blitz January 17 Early 2023"]
[White "Albertini, Luca"]
[Black "Warchol, Kamil"]
[WhiteFideId "847038"]
[BlackFideId "21858241"]
[WhiteElo "2084"]
[BlackElo "2173"]
[Result "0-1"]
[Round "11"]
[TimeControl "180+2"]
[Date "2023.01.17"]
[WhiteClock "0:00:41"]
[BlackClock "0:00:08"]

1. e4 c5 2. Nf3 e6 3. c4 Nc6 4. Nc3 Nf6 5. Be2 e5 6. O-O g6 7. d3 Bg7 8. Rb1 O-O 9. a3 d6 10. b4 b6 11. bxc5 dxc5 12. Nd5 h6 13. Ne1 Nd4 14. Nc2 Nxd5 15. cxd5 Nxe2+ 16. Qxe2 f5 17. f4 Ba6 18. fxe5 Bxe5 19. Bxh6 Qh4 20. Bf4 Bxf4 21. g3 Bxg3 22. hxg3 Qxg3+ 23. Qg2 Qxg2+ 24. Kxg2 Bxd3 25. Rf2 Bxe4+ 26. Kg3 Bxd5 27. Ne3 Be4 28. Rd1 Rad8 29. Rxd8 Rxd8 30. Kf4 Kg7 31. Kg5 Rd3 32. Nc4 Rg3+ 33. Kf4 Rg4+ 34. Ke5 Rg3 35. Rd2 Rd3 36. Rh2 Rd5+ 37. Kf4 Rd4 38. Ne3 Kf6 39. Rh6 Rd3 40. a4 Kg7 41. Rh3 Kf6 42. Rh6 c4 43. Ng4+ fxg4 44. Kxe4 Rh3 45. Rxh3 gxh3 46. Kd4 h2 47. Kxc4 h1=Q 48. Kb5 Qd5+ 49. Ka6 Qa5+ 50. Kb7 b5 51. Kc6 b4 52. Kb7 Qb6+ 53. Kc8 b3 54. a5 Qc6+ 55. Kb8 b2 56. a6 b1=Q+ 57. Kxa7 Qbb6# 0-1


[Site "https://www.chess.com"]

[Event "Titled Tuesday Blitz January 17 Early 2023"]
[White "Tasev, Dejan"]
[Black "Vaglio Munoz, Jaime"]
[WhiteFideId "936618"]
[BlackFideId "6500145"]
[WhiteElo "2205"]
[BlackElo "2174"]
[Result "1-0"]
[Round "11"]
[TimeControl "180+2"]
[Date "2023.01.17"]
[WhiteClock "0:00:27"]
[BlackClock "0:00:29"]

1. e4 c5 2. Nf3 Qa5 3. Nc3 a6 4. g3 b5 5. Bg2 Bb7 6. d3 b4 7. Ne2 e6 8. O-O Nf6 9. a3 d5 10. e5 Nfd7 11. Bd2 Qb6 12. axb4 cxb4 13. d4 Nc6 14. c3 a5 15. Nf4 Be7 16. h4 h6 17. Re1 O-O 18. Nh2 Rfb8 19. Qh5 Nf8 20. Ng4 bxc3 21. Nxh6+ gxh6 22. Qxh6 Nd7 23. Nh5 Bf8 24. Qg5+ Kh8 25. bxc3 Qb2 26. Rac1 Ba6 27. Bf1 Bxf1 28. Rxf1 Qa3 29. Nf6 Nxf6 30. exf6 Nxd4 31. Qh5+ Kg8 32. Qg4+ Kh8 33. Qh5+ Kg8 34. cxd4 Qd3 35. Bf4 Rc8 36. Rce1 a4 37. Re5 Qg6 38. Rg5 Ra7 39. Rxg6+ fxg6 40. Qxg6+ Kh8 41. f7 Bg7 42. Be5 Rxf7 43. Qxf7 Rg8 44. Qh5# 1-0


[Site "https://www.chess.com"]

[Event "Titled Tuesday Blitz January 17 Early 2023"]
[White "Hoffmann, Asa"]
[Black "Goltseva, Ekaterina"]
[WhiteFideId "2001470"]
[BlackFideId "24173770"]
[WhiteElo "2185"]
[BlackElo "2283"]
[Result "1/2-1/2"]
[Round "11"]
[TimeControl "180+2"]
[Date "2023.01.17"]
[WhiteClock "0:00:55"]
[BlackClock "0:00:06"]

1. d4 d5 2. Bg5 h6 3. Bh4 g5 4. Bg3 Bg7 5. e3 c5 6. c3 Qb6 7. Qb3 c4 8. Qc2 Nc6 9. Nd2 Nf6 10. e4 Nxe4 11. Nxe4 dxe4 12. Bxc4 Bf5 13. Ne2 Bg6 14. Qb3 Qxb3 15. Bxb3 O-O 16. h4 Na5 17. hxg5 hxg5 18. Bc2 f5 19. Be5 Nc6 20. Bb3+ Bf7 21. Bxg7 Kxg7 22. Ng3 Bxb3 23. axb3 Rad8 24. O-O-O Kg6 25. b4 e6 26. b5 Na5 27. Kc2 Nc4 28. Ra1 Ra8 29. b3 Nd6 30. c4 f4 31. Ne2 Rfc8 32. Kb2 Nf5 33. Rhe1 e3 34. fxe3 Nxe3 35. g3 Kf5 36. gxf4 gxf4 37. Nc3 Rg8 38. Re2 Rg3 39. d5 e5 40. d6 b6 41. d7 Rg7 42. Rd2 Rd8 43. Rxa7 Ke6 44. Ne4 Rgxd7 45. Rdxd7 Rxd7 46. Rxd7 Kxd7 47. Kc3 f3 48. b4 Ng4 49. Kd2 Ke6 50. c5 bxc5 51. bxc5 Kd5 52. b6 Kc6 53. Kd3 Nh6 54. Ke3 Nf7 55. Kxf3 Nd8 56. Ke3 Nb7 57. Kd3 Nxc5+ 58. Nxc5 Kxb6 59. Ke4 Kxc5 60. Kxe5 1/2-1/2


[Site "https://www.chess.com"]

[Event "Titled Tuesday Blitz January 17 Early 2023"]
[White "Khamdamova, Afruza"]
[Black "Kalajzic, Ivan"]
[WhiteFideId "14210444"]
[BlackFideId "14506378"]
[WhiteElo "2162"]
[BlackElo "2062"]
[Result "0-1"]
[Round "11"]
[TimeControl "180+2"]
[Date "2023.01.17"]
[WhiteClock "0:00:04"]
[BlackClock "0:00:05"]

1. e4 g6 2. d4 Bg7 3. Nc3 d6 4. Nf3 a6 5. h3 b5 6. Be3 Bb7 7. Bd3 Nd7 8. O-O c5 9. dxc5 Nxc5 10. Bd4 e5 11. Be3 Nf6 12. Nd2 O-O 13. f3 Nxd3 14. cxd3 d5 15. Bg5 d4 16. Ne2 h6 17. Bxf6 Qxf6 18. Rc1 Rac8 19. Qb3 Qg5 20. f4 exf4 21. Rxc8 Bxc8 22. Nxf4 Be5 23. h4 Qg3 24. Rf3 Qe1+ 25. Nf1 Bg4 26. Rf2 Kg7 27. Qd5 f6 28. h5 gxh5 29. Qb7+ Rf7 30. Qxa6 Qc1 31. Ne6+ Kg6 32. Nd8 Rc7 33. Qxb5 Bg3 34. Qe8+ Kg5 35. Qg8+ Kh4 36. Rxf6 Rc2 37. Nf7 Rxg2+ 38. Kxg2 Qc2+ 39. Kg1 Kh3 40. Nxg3 Qg2# 0-1


[Site "https://www.chess.com"]

[Event "Titled Tuesday Blitz January 17 Early 2023"]
[White "Mrudul Dehankar"]
[Black "Hajiyev, Kanan"]
[WhiteFideId "25096990"]
[BlackFideId "13404148"]
[WhiteElo "2030"]
[BlackElo "2197"]
[Result "0-1"]
[Round "11"]
[TimeControl "180+2"]
[Date "2023.01.17"]
[WhiteClock "0:00:02"]
[BlackClock "0:01:03"]

1. e4 c6 2. d4 d5 3. e5 a6 4. Nf3 Bg4 5. c3 e6 6. h3 Bh5 7. Bd3 c5 8. O-O Nc6 9. Be3 Qb6 10. b3 cxd4 11. cxd4 Nb4 12. Be2 Rc8 13. Nbd2 Ne7 14. Ne1 Bg6 15. a3 Nbc6 16. Nef3 Nf5 17. Rc1 Bxa3 18. Ra1 Bb2 19. Ra2 Bxd4 20. Nxd4 Ncxd4 21. Nf3 Nxf3+ 22. Bxf3 Nxe3 23. fxe3 Qxe3+ 24. Kh1 O-O 25. Re2 Qg5 26. Qd4 Rc1 27. Ree1 Rfc8 28. h4 Qh6 29. Kg1 Rxe1 30. Rxe1 Rc1 31. Rxc1 Qxc1+ 32. Kh2 h5 33. Qb6 Qf4+ 34. Kg1 Qxh4 35. Qxb7 Qe1+ 36. Kh2 Qxe5+ 37. Kg1 a5 38. Qb5 Qc3 0-1


[Site "https://www.chess.com"]

[Event "Titled Tuesday Blitz January 17 Early 2023"]
[White "Jaskolka, Tomasz"]
[Black "Vasques, Antonio Pedro Freixial"]
[WhiteFideId "1170791"]
[BlackFideId "1908332"]
[WhiteElo "2238"]
[BlackElo "2214"]
[Result "1-0"]
[Round "11"]
[TimeControl "180+2"]
[Date "2023.01.17"]
[WhiteClock "0:01:15"]
[BlackClock "0:01:35"]

1. e4 c5 2. Nf3 Nc6 3. b4 cxb4 4. a3 e6 5. axb4 Bxb4 6. c3 Be7 7. d4 d5 8. e5 Nh6 9. Bd3 Nf5 10. Na3 a6 11. Nc2 O-O 12. g4 Nh4 13. Nxh4 Bxh4 14. Qf3 Bg5 15. Qh3 g6 16. f4 Bh4+ 17. Ke2 Be7 18. g5 Re8 19. Ne3 Qb6 20. Ng4 Nxd4+ 21. cxd4 Qxd4 22. Be3 Qb2+ 23. Bd2 h5 24. Nf6+ Bxf6 25. gxf6 Bd7 26. Qxh5 gxh5 27. Rag1+ Kh8 28. Rg7 Bb5 29. Rh7+ Kg8 30. Rg1+ 1-0


[Site "https://www.chess.com"]

[Event "Titled Tuesday Blitz January 17 Early 2023"]
[White "Heinemann, Josefine"]
[Black "Nugumanov, Bakhtiyar"]
[WhiteFideId "12900460"]
[BlackFideId "13701797"]
[WhiteElo "2289"]
[BlackElo "2316"]
[Result "1-0"]
[Round "11"]
[TimeControl "180+2"]
[Date "2023.01.17"]
[WhiteClock "0:01:34"]
[BlackClock "0:00:45"]

1. e4 d6 2. d4 Nf6 3. Nc3 e5 4. dxe5 dxe5 5. Qxd8+ Kxd8 6. Bc4 Ke8 7. f4 Bd6 8. g3 Nbd7 9. Nf3 c6 10. a4 Ke7 11. Be3 Ng4 12. Bg1 exf4 13. O-O-O fxg3 14. hxg3 Bxg3 15. Bd4 Nde5 16. Be2 Nxf3 17. Bc5+ Ke8 18. Bxf3 Nf2 19. Ne2 Nxh1 20. Bxh1 Bc7 21. Nd4 h5 22. Nf5 g6 23. Ng7# 1-0


[Site "https://www.chess.com"]

[Event "Titled Tuesday Blitz January 17 Early 2023"]
[White "Skurikhin, Dmitrij"]
[Black "Gatterer, Florian"]
[WhiteFideId "4161297"]
[BlackFideId "811688"]
[WhiteElo "2297"]
[BlackElo "2170"]
[Result "1/2-1/2"]
[Round "11"]
[TimeControl "180+2"]
[Date "2023.01.17"]
[WhiteClock "0:02:39"]
[BlackClock "0:02:17"]

1. d4 d5 2. Nf3 Nf6 3. c4 c6 4. Nc3 g6 5. Bf4 dxc4 6. e3 Nd5 7. Be5 f6 8. Bg3 Nxc3 9. bxc3 Qa5 10. Bxc4 Qxc3+ 11. Nd2 e6 12. Rc1 Qa5 13. O-O Bb4 1/2-1/2


[Site "https://www.chess.com"]

[Event "Titled Tuesday Blitz January 17 Early 2023"]
[White "Bas Mas, Jose Joaquin"]
[Black "Zherebtsova, Alexandra"]
[WhiteFideId "22219064"]
[BlackFideId "24129518"]
[WhiteElo "2197"]
[BlackElo "2155"]
[Result "0-1"]
[Round "11"]
[TimeControl "180+2"]
[Date "2023.01.17"]
[WhiteClock "0:00:49"]
[BlackClock "0:00:07"]

1. e4 e5 2. Nf3 Nc6 3. Bc4 Nf6 4. d3 h6 5. c3 d6 6. b4 a6 7. Nbd2 g6 8. a4 Bg7 9. O-O O-O 10. h3 Bd7 11. Re1 Nh5 12. Nf1 Qf6 13. Ra2 Nf4 14. Bxf4 Qxf4 15. Ne3 Qf6 16. Nd5 Qd8 17. a5 Ne7 18. Nxe7+ Qxe7 19. d4 Rad8 20. Bd5 c6 21. Bb3 Bc8 22. Rd2 Kh7 23. Qc2 Qf6 24. dxe5 dxe5 25. Nh2 h5 26. Red1 Rxd2 27. Qxd2 Bh6 28. Qd6 Qxd6 29. Rxd6 Kg7 30. Nf3 Re8 31. Nd2 Bxd2 32. Rxd2 Kf6 33. h4 Ke7 34. g3 f6 35. Kf1 g5 36. hxg5 fxg5 37. f3 Rf8 38. Rf2 Rd8 39. Ke2 Rh8 40. Rh2 h4 41. gxh4 gxh4 42. f4 exf4 43. Kf3 Kf6 44. Kxf4 h3 45. e5+ Ke7 46. Kg3 Rh5 47. Re2 h2 48. Rxh2 Rxe5 49. Rh7+ Kd8 50. Rh8+ Kc7 51. Kf4 Re1 52. Rh7+ Kb8 53. Rh8 Kc7 54. Rh7+ Kb8 55. Bc4 Rc1 56. Ke5 Rxc3 57. Kd4 Rc1 58. Kc5 Be6 59. Kb6 Rxc4 60. Rxb7+ Kc8 61. Rc7+ Kd8 62. Ra7 Rxb4+ 63. Kxc6 Bc4 64. Kd6 Ke8 65. Kc5 Ra4 66. Ra8+ Ke7 67. Ra7+ Kf6 68. Ra8 Bb5 69. Kb6 Ra3 70. Rf8+ Ke5 71. Ra8 Kd4 72. Rh8 Kc4 73. Rh4+ Kb3 74. Rh3+ Ka4 75. Rh4+ Kb3 76. Rh3+ Ka2 77. Rh1 Kb2 78. Rh2+ Kb3 79. Rh4 Ra4 80. Rh3+ Kc2 81. Rh2+ Kd3 82. Rh3+ Ke2 83. Rh2+ Kf3 84. Rh3+ Kg2 85. Rh8 Rc4 86. Rg8+ Kf3 87. Rg6 Rc3 88. Rf6+ Ke3 89. Rh6 Kd2 90. Rh2+ Kc1 91. Rh6 Kb2 92. Rg6 Kb3 93. Rh6 Rd3 94. Rg6 Kb4 95. Rg4+ Bc4 96. Rg6 Ra3 97. Rg4 Rb3 98. Rh4 Ka4+ 99. Ka7 Rb4 100. Rh1 Kxa5 101. Ra1+ Ra4 102. Rc1 Bb5 103. Rh1 Kb4 104. Rb1+ Kc3 105. Rh1 Rc4 106. Rh5 Kb4 107. Rg5 a5 108. Rg1 a4 109. Rb1+ Ka5 110. Ra1 Rc3 111. Kb7 a3 112. Ka7 Bc4 113. Kb7 a2 114. Kc6 Bb3+ 115. Kd6 Rc2 116. Ke5 Rb2 117. Kd4 Rb1 118. Rxa2+ Bxa2 119. Kc3 Ka4 0-1


[Site "https://www.chess.com"]

[Event "Titled Tuesday Blitz January 17 Early 2023"]
[White "Grot, Blazej"]
[Black "Forgacs, Attila Jr."]
[WhiteFideId "21835845"]
[BlackFideId "773654"]
[WhiteElo "1990"]
[BlackElo "2264"]
[Result "1/2-1/2"]
[Round "11"]
[TimeControl "180+2"]
[Date "2023.01.17"]
[WhiteClock "0:00:19"]
[BlackClock "0:00:07"]

1. d4 Nf6 2. c4 d6 3. Nf3 g6 4. g3 Bg7 5. Bg2 O-O 6. O-O Nbd7 7. Nbd2 e5 8. e3 c6 9. Qc2 Qc7 10. Rd1 Re8 11. b3 Nf8 12. Bb2 b6 13. dxe5 dxe5 14. c5 b5 15. Ng5 Bf5 16. Nge4 Nxe4 17. Nxe4 Rad8 18. Qc3 Bxe4 19. Bxe4 f5 20. Bg2 e4 21. Qc2 Ne6 22. b4 a5 23. a3 a4 24. Bxg7 Qxg7 25. g4 Ng5 26. h3 Nf3+ 27. Bxf3 exf3 28. Rxd8 Rxd8 29. Rd1 Rxd1+ 30. Qxd1 fxg4 31. hxg4 Qf6 32. Qd7 h5 33. Qc8+ Kg7 34. Qd7+ Kh6 35. e4 hxg4 36. Qxg4 Qg5 37. Qg3 Qc1+ 38. Kh2 Qxa3 39. Qf4+ Kg7 40. Qc7+ Kh6 41. Qf4+ Kg7 42. Qc7+ Kh6 43. Qf4+ 1/2-1/2


[Site "https://www.chess.com"]

[Event "Titled Tuesday Blitz January 17 Early 2023"]
[White "Sonnenschein, Philipp"]
[Black "Bashirli, Saadat"]
[WhiteFideId "16250877"]
[BlackFideId "13429990"]
[WhiteElo "2224"]
[BlackElo "1571"]
[Result "1-0"]
[Round "11"]
[TimeControl "180+2"]
[Date "2023.01.17"]
[WhiteClock "0:01:25"]
[BlackClock "0:00:35"]

1. e4 e6 2. d4 d5 3. Nc3 Bb4 4. e5 c5 5. a3 Bxc3+ 6. bxc3 Nc6 7. h4 Qb6 8. Be3 Qa5 9. Qd2 cxd4 10. cxd4 Qxd2+ 11. Kxd2 Nge7 12. Bd3 Bd7 13. h5 f6 14. h6 Kf7 15. hxg7 Kxg7 16. exf6+ Kxf6 17. Nf3 Nf5 18. Bg5+ Kg6 19. g4 h6 20. gxf5+ exf5 21. Bf4 Rae8 22. Rag1+ Kf7 23. Ne5+ Nxe5 24. Bxe5 Rh7 25. Rh5 Rc8 26. Rxf5+ Bxf5 27. Bxf5 Rhh8 28. Bxc8 Rxc8 1-0


[Site "https://www.chess.com"]

[Event "Titled Tuesday Blitz January 17 Early 2023"]
[White "Samaganova, Aleksandra"]
[Black "Gressmann, Moritz"]
[WhiteFideId "13800221"]
[BlackFideId "24695084"]
[WhiteElo "1856"]
[BlackElo "2129"]
[Result "0-1"]
[Round "11"]
[TimeControl "180+2"]
[Date "2023.01.17"]
[WhiteClock "0:00:04"]
[BlackClock "0:00:12"]

1. c4 Nf6 2. Nc3 e6 3. e4 Nc6 4. d4 Bb4 5. e5 Bxc3+ 6. bxc3 Ng8 7. Qg4 Kf8 8. Nf3 d6 9. Bf4 dxe5 10. Nxe5 Nf6 11. Qf3 Nxe5 12. Bxe5 Nd7 13. Bf4 Rb8 14. Qg3 e5 15. Bxe5 Nxe5 16. Qxe5 f6 17. Qc5+ Kf7 18. f3 Re8+ 19. Kf2 b6 20. Qh5+ Kg8 21. Bd3 g6 22. Qh6 f5 23. Rhe1 Be6 24. h4 Bf7 25. h5 Qh4+ 26. Kf1 Qh1+ 27. Kf2 Qh4+ 28. Kf1 a6 29. Qd2 Qxh5 30. Qf2 b5 31. cxb5 axb5 32. Kg1 Bc4 33. Bxc4+ bxc4 34. Rxe8+ Rxe8 35. d5 Qg5 36. Rd1 Qe3 37. d6 cxd6 38. Rxd6 Qxc3 39. Rd1 Qe5 40. Rc1 c3 41. Qc2 Qe3+ 42. Kh1 Rc8 43. a4 Kg7 44. Qb3 Rc5 45. Qb7+ Kh6 46. Qb1 Rc4 47. g3 Qxf3+ 48. Kh2 Qf2+ 49. Kh3 f4 50. Rg1 fxg3 51. Rxg3 Qf5+ 52. Kh2 Qxb1 53. Kh3 Qf5+ 54. Kh2 c2 55. Rg2 Kg7 56. Rg3 c1=Q 57. Rg2 Qd2 58. Rxd2 Rc2 59. Rxc2 Qxc2+ 60. Kg3 Qxa4 61. Kh2 Qb4 62. Kg3 Qc4 63. Kh3 Kf6 64. Kg3 Kf5 0-1


[Site "https://www.chess.com"]

[Event "Titled Tuesday Blitz January 17 Early 2023"]
[White "Andreev, Konstantin"]
[Black "parintele_chess"]
[WhiteFideId "24239305"]
[WhiteElo "2195"]
[BlackElo "2259"]
[Result "0-1"]
[Round "11"]
[TimeControl "180+2"]
[Date "2023.01.17"]
[WhiteClock "0:00:03"]
[BlackClock "0:00:04"]

1. e4 c6 2. d4 d5 3. e5 Bf5 4. Nf3 e6 5. Be2 Nd7 6. O-O Ne7 7. Nbd2 Ng6 8. a4 a5 9. Ne1 h5 10. Nb3 Be7 11. Bxh5 c5 12. g4 Rxh5 13. gxh5 Nh4 14. Kh1 Bg5 15. Rg1 Bxc1 16. Rxc1 c4 17. Nd2 Qb6 18. Nef3 Nxf3 19. Nxf3 Be4 20. Rxg7 O-O-O 21. Kg2 Rh8 22. Rg5 Qd8 23. Qd2 Rg8 24. h4 f6 25. exf6 Nxf6 26. Qf4 Nxh5 27. Qg4 Nf6 28. Rxg8 Nxg8 29. Rg1 Nf6 30. Qxe6+ Kb8 31. Qh3 Nh5 32. Kf1 Nf4 33. Qg4 Qd6 34. Nd2 Bxc2 35. Qg8+ Ka7 36. Rg3 Bd3+ 37. Ke1 Qe6+ 38. Re3 Qxg8 39. Rf3 Qg1+ 40. Nf1 Qxf1+ 41. Kd2 Qe2+ 42. Kc1 Qc2# 0-1


[Site "https://www.chess.com"]

[Event "Titled Tuesday Blitz January 17 Early 2023"]
[White "Melikhov, Evgeny V."]
[Black "Smietanska, Wiktoria"]
[WhiteFideId "4122046"]
[BlackFideId "21869359"]
[WhiteElo "2269"]
[BlackElo "1936"]
[Result "0-1"]
[Round "11"]
[TimeControl "180+2"]
[Date "2023.01.17"]
[WhiteClock "0:00:33"]
[BlackClock "0:00:20"]

1. d4 Nf6 2. c4 g6 3. Nc3 Bg7 4. e4 d6 5. f3 O-O 6. Be3 c5 7. Nge2 Nc6 8. d5 Ne5 9. Ng3 e6 10. Be2 exd5 11. cxd5 h5 12. O-O a6 13. a4 h4 14. Nh1 Nh5 15. Nf2 f5 16. f4 Ng4 17. Nxg4 fxg4 18. Bxg4 Bxg4 19. Qxg4 Qf6 20. e5 dxe5 21. f5 Nf4 22. Bxf4 gxf5 23. Qg5 exf4 24. Qxf6 Bxf6 25. Rxf4 Bg5 26. Rf3 Kg7 27. Re1 Kg6 28. Re6+ Bf6 29. h3 Rfe8 30. Rfe3 Kf7 31. Kf1 Bd4 32. Re2 Rad8 33. Rxe8 Rxe8 34. Rxe8 Kxe8 35. Ke2 Ke7 36. Kd3 Bxc3 37. bxc3 b5 38. axb5 axb5 39. c4 bxc4+ 40. Kc3 Kd6 41. Kxc4 f4 42. Kc3 Kxd5 43. Kd3 c4+ 44. Kc3 Kc5 45. Kc2 Kd4 46. Kd2 c3+ 47. Kc2 Kc4 48. Kc1 Kd3 49. Kd1 Ke3 50. Kc2 Kf2 51. Kxc3 Kxg2 52. Kd4 f3 0-1


[Site "https://www.chess.com"]

[Event "Titled Tuesday Blitz January 17 Early 2023"]
[White "Dwilewicz, Katarzyna"]
[Black "Lauridsen, Jesper Morch"]
[WhiteFideId "1148486"]
[BlackFideId "1401890"]
[WhiteElo "2115"]
[BlackElo "2309"]
[Result "0-1"]
[Round "11"]
[TimeControl "180+2"]
[Date "2023.01.17"]
[WhiteClock "0:00:18"]
[BlackClock "0:00:05"]

1. e4 c5 2. Be2 b6 3. f4 Bb7 4. Nc3 Nf6 5. d3 d5 6. e5 d4 7. Bf3 Qc8 8. exf6 dxc3 9. bxc3 exf6 10. Qe2+ Be7 11. Nh3 O-O 12. O-O Bxf3 13. Rxf3 Nc6 14. Bb2 Re8 15. Qf2 Qd7 16. c4 Nd4 17. Re3 Bd6 18. Rae1 Rxe3 19. Rxe3 Nf5 20. Re4 Re8 21. Qe2 Kf8 22. Nf2 Bxf4 23. Rxe8+ Qxe8 24. Qxe8+ Kxe8 25. Ne4 Be5 26. Bc1 Nd4 27. Kf2 Nxc2 28. Ke2 Nd4+ 29. Kf2 f5 30. Nc3 Nb3 31. Bb2 Bxc3 32. Bxc3 Nd4 33. Ke3 Ne6 34. Be5 Ke7 35. Bb8 a6 36. Ba7 b5 37. cxb5 axb5 38. h3 f6 39. Bb6 Kd6 40. a3 g6 41. Ba5 f4+ 42. Ke4 f5+ 43. Kf3 Kd5 44. Bc3 g5 45. g4 fxg3 46. Kxg3 h5 47. Bf6 h4+ 48. Kf3 c4 49. dxc4+ Kxc4 50. Be7 Nd4+ 51. Ke3 f4+ 52. Ke4 f3 53. Ke3 Nf5+ 54. Kxf3 Nxe7 55. Kg4 Kb3 56. Kxg5 Kxa3 57. Kxh4 b4 58. Kg5 b3 59. h4 b2 0-1


[Site "https://www.chess.com"]

[Event "Titled Tuesday Blitz January 17 Early 2023"]
[White "Ruiz Aguilar, Pablo Alexander"]
[Black "MunichMouse"]
[WhiteFideId "4401352"]
[WhiteElo "2161"]
[BlackElo "2211"]
[Result "1/2-1/2"]
[Round "11"]
[TimeControl "180+2"]
[Date "2023.01.17"]
[WhiteClock "0:00:10"]
[BlackClock "0:00:16"]

1. e4 c5 2. Nf3 d6 3. d4 cxd4 4. Nxd4 Nf6 5. Nc3 a6 6. Be2 e6 7. Be3 Be7 8. O-O O-O 9. f4 Nc6 10. Kh1 Qc7 11. Qe1 Nxd4 12. Bxd4 b5 13. Bd3 Bb7 14. Qg3 b4 15. Nd1 e5 16. fxe5 Nh5 17. Qf3 dxe5 18. Qxh5 exd4 19. Nf2 g6 20. Qh6 Qe5 21. Ng4 Qg7 22. Qh3 h5 23. Nf2 Qe5 24. Rae1 Bc8 25. Qf3 Be6 26. b3 Bd6 27. g3 Rac8 28. Kg2 a5 29. Nh3 Bg4 30. Qf2 Bxh3+ 31. Kxh3 Kg7 32. Kg2 h4 33. Qf4 hxg3 34. Qxe5+ Bxe5 35. hxg3 Rh8 36. Rh1 f6 37. Rxh8 Rxh8 38. Rf1 Rh5 39. Kf3 Rh2 40. Rf2 Rxf2+ 41. Kxf2 Kf7 42. Kf3 Ke7 43. Bc4 Kf8 44. Bd5 Ke7 45. Bc4 Bd6 46. Bd3 Be5 47. Kg4 Kf7 48. Bc4+ Kg7 49. Bd5 Kh6 50. Bf7 Kg7 51. Be8 Kh6 52. Bc6 Kg7 53. Bd5 Kh6 54. Be6 Kg7 55. Kf3 Kh6 56. Bh3 Kg7 57. Be6 Kh6 58. g4 Kg7 59. Ke2 Kf8 60. Kd3 Ke7 61. Bd5 Kd7 62. Kc4 g5 63. Kb5 Bc7 64. Kc5 Be5 65. Kb6 Bc7+ 66. Kb7 Bd8 67. Bf7 Kd6 68. Bg6 Bc7 69. Bf5 Bd8 70. Ka6 Kc6 71. Be6 Bc7 72. Bd5+ Kd6 73. Kb7 Bd8 74. Bf7 Bc7 75. Bg6 Bd8 76. Kc8 Bc7 77. Kb7 Bd8 78. Bf5 Bc7 79. Kc8 Bb6 80. Kb7 Bc7 81. Ka6 Bd8 82. Kb5 Bc7 83. Kc4 Bb6 84. Kb5 Bc7 85. Bg6 Bd8 86. Ka4 Kc5 87. a3 Bb6 88. axb4+ axb4 89. Bf7 Bc7 90. Bd5 Bb6 91. Bc4 Bc7 92. Bd5 Bb6 93. Bc4 Bc7 94. Bd5 1/2-1/2


[Site "https://www.chess.com"]

[Event "Titled Tuesday Blitz January 17 Early 2023"]
[White "Jiganchine, Roman"]
[Black "Thomas, Anysia"]
[WhiteFideId "2603667"]
[BlackFideId "670472"]
[WhiteElo "2205"]
[BlackElo "2147"]
[Result "1-0"]
[Round "11"]
[TimeControl "180+2"]
[Date "2023.01.17"]
[WhiteClock "0:00:44"]
[BlackClock "0:00:03"]

1. e4 c5 2. Nf3 g6 3. d4 cxd4 4. Qxd4 Nf6 5. Nc3 Nc6 6. Qa4 d6 7. e5 dxe5 8. Nxe5 Bd7 9. Nxd7 Nxd7 10. Be3 Bg7 11. Be2 O-O 12. O-O Nb6 13. Qh4 e6 14. Bg5 Qd4 15. Qh3 Qb4 16. Bf3 Qxb2 17. Ne4 f5 18. Nd6 Qxc2 19. Rac1 Qxa2 20. Nxb7 Nd4 21. Nc5 Nxf3+ 22. Qxf3 Nd5 23. Nxe6 Rfe8 24. Nxg7 Kxg7 25. h3 h6 26. Rfd1 hxg5 27. Rxd5 Re7 28. Qc3+ Kh7 29. Ra5 Rae8 30. Rxa2 1-0


[Site "https://www.chess.com"]